 Dungeon Crawl Stone Soup version 0.27.1-2-g3b301248ec (webtiles) character file.

Game seed: 6915747224462522641

4173 GigaChad the Cleaver (level 10, -1/93 HPs)
             Began as a Minotaur Berserker on Sept 25, 2021.
             Was an Elder of Trog.
             Slain by a boulder beetle (5 damage)
             ... on level 7 of the Dungeon.
             The game lasted 00:16:07 (6549 turns).

GigaChad the Cleaver (Minotaur Berserker)           Turns: 6549, Time: 00:16:08

Health: -1/93      AC: 14    Str: 24    XL:     10   Next: 7%
Magic:  9/9        EV: 10    Int:  4    God:    Trog [****..]
Gold:   271        SH:  0    Dex: 11    Spells: 9/9 levels left

rFire    + . .     SeeInvis .   a - +0 hand axe
rCold    + . .     Faith    .   (no shield)
rNeg     . . .     Spirit   .   p - +0 chain mail
rPois    .         Reflect  .   (helmet restricted)
rElec    .         Harm     .   (no cloak)
rCorr    .         Rampage  .   B - +0 pair of gloves "Hooz" {rF+}
Will     .....                  i - +0 pair of boots
Stlth    ..........             q - amulet of regeneration
HPRegen  1.25/turn              (no ring)
MPRegen  0.11/turn              w - ring of protection from cold

@: on berserk cooldown, slowed, very slow
A: horns 2, retaliatory headbutt
a: Renounce Religion, Berserk, Trog's Hand, Brothers in Arms


You were on level 7 of the Dungeon.
You worshipped Trog.
Trog was greatly pleased with you.
You visited 1 branch of the dungeon, and saw 7 of its levels.

You collected 433 gold pieces.
You spent 162 gold pieces at shops.

Inventory:

Hand Weapons
 a - a +0 hand axe (weapon)
 n - a +1 dagger of flaming
Missiles
 u - a throwing net (quivered)
Armour
 b - a +0 animal skin
 i - a +0 pair of boots (worn)
 m - a +0 helmet
 o - a +0 pair of gloves
 p - a +0 chain mail (worn)
 B - the +0 pair of gloves "Hooz" (worn) {rF+}
   (You found it on level 6 of the Dungeon)

   rF:        It protects you from fire.
Jewellery
 d - a ring of willpower
 f - a ring of wizardry
 g - a ring of fire
 q - an amulet of regeneration (around neck)
 w - a ring of protection from cold (right hand)
 C - an amulet of faith
Wands
 z - a wand of digging (13)
Scrolls
 c - 2 scrolls of noise
 e - 2 scrolls of blinking {unknown}
 h - a scroll of teleportation
 k - 3 scrolls of immolation {unknown}
 t - a scroll of magic mapping
 v - 2 scrolls of enchant armour
 x - 3 scrolls of identify {unknown}
 y - 2 scrolls of fog {unknown}
 D - a scroll of brand weapon {unknown}
Potions
 j - a potion of heal wounds
 l - a potion of curing
 r - a potion of flight {unknown}
 s - a potion of resistance {unknown}
 A - a potion of brilliance {unknown}


   Skills:
 + Level 10.2 Fighting
 + Level 10.3 Axes
 + Level 10.0 Armour
 - Level 5.2 Dodging


You had 9 spell levels left.
You didn't know any spells.
Your spell library was empty.

Dungeon Overview and Level Annotations

Branches:
Dungeon (7/15)
 Temple: D:4-7

Altars:
Elyvilon
Fedhas
Gozag
Nemelex Xobeh
Trog
Xom
The Shining One

Shops:
D:1 :   D:4 ?   D:5 *

Annotations:
D:5 1 runed translucent door


Innate Abilities, Weirdness & Mutations

You have a pair of horns on your head.
You reflexively headbutt those who attack you in melee.


Message History

You hit the boulder beetle but do no damage.
The boulder beetle is severely wounded.
The boulder beetle bites you.
You hit the boulder beetle.
The boulder beetle is severely wounded.
You hit the boulder beetle but do no damage.
You headbutt the boulder beetle, but do no damage.
The boulder beetle is severely wounded.
The boulder beetle bites you!
* * * LOW HITPOINT WARNING * * *
You hit the boulder beetle but do no damage.
The boulder beetle is severely wounded.
You hit the boulder beetle. You headbutt the boulder beetle.
The boulder beetle is almost dead.
The boulder beetle misses you.
You hit the boulder beetle but do no damage.
You headbutt the boulder beetle, but do no damage.
The boulder beetle is severely wounded.
You hit the boulder beetle but do no damage.
The boulder beetle is severely wounded.
The boulder beetle bites you but does no damage.
You hit the boulder beetle but do no damage.
The boulder beetle is severely wounded.
The boulder beetle leaps!
There is an open door, spattered with blood here.
You feel a strong urge to attack something.
You are no longer berserk.
You are exhausted.
You feel yourself slow down.
You start resting.
A boulder beetle is nearby!
A boulder beetle is nearby!
A boulder beetle is nearby!
The boulder beetle curls into a ball and begins rolling!
The boulder beetle hits you!!!
Ouch! That really hurt!
* * * LOW HITPOINT WARNING * * *
The boulder beetle stops rolling and uncurls.
The boulder beetle bites you.
You die...

#.....................
#.....................
#..............<......
#.....................
#........<............
#.......B...°.........
############°######...
#..°....# .. #.@B....#
#.......# #.......#
#.......# #.......#
+.......# #.......#
#.......# #..##...#


You could see a boulder beetle.

Vanquished Creatures
  The ghost of tailblues the Vexing, a novice GnWn of Fedhas (D:6)
  The ghost of Kangaroobicon the Grappler, a novice TrMo of Ashenzari (D:6)
  An ugly thing (D:6)
  The ghost of Linguinho the Cudgeller, a novice GrFi (D:6)
  The ghost of nemesis the Magician, a novice DsCj of Vehumet (D:6)
  A steam dragon (D:7)
  Menkaure (D:4)
  A water moccasin (D:5)
  A black bear (D:5)
  4 ogres
  A necrophage (D:3)
  3 centaurs
  A kobold brigand (D:4)
  A bullfrog (D:6)
  A water moccasin zombie (D:5)
  3 water moccasin skeletons
  A bullfrog zombie (D:5)
  A gnoll shaman (D:4)
  An orc priest (D:6)
  A hound (D:5)
  3 jellies
  2 bullfrog skeletons (D:5)
  4 iguanas
  2 orc wizards (D:6)
  A killer bee zombie (D:6)
  Robin (D:2)
  14 gnolls
  A howler monkey skeleton (D:6)
  2 adders
  A river rat (D:5)
  3 worms
  The ghost of Amplified the Sneak, a weakling DrDe (D:5)
  5 dart slugs
  10 orcs
  7 ball pythons
  6 bats
  3 endoplasms
  6 giant cockroaches
  12 goblins
  9 hobgoblins
  3 jackals (D:3)
  7 kobolds
  4 quokkas
  5 frilled lizards
  9 rats
148 creatures vanquished.

Vanquished Creatures (others)
  6 plants (D:4)
6 creatures vanquished.

Grand Total: 154 creatures vanquished

Notes
Turn   | Place    | Note
-------+----------+-------------------------------------------
     0 | D:1      | GigaChad the Minotaur Berserker began the quest for the
                  | Orb.
     0 | D:1      | Reached XP level 1. HP: 19/19 MP: 0/0
   190 | D:1      | Reached XP level 2. HP: 24/27 MP: 1/1
   512 | D:1      | Found Quen's Book Shoppe.
   932 | D:2      | Reached XP level 3. HP: 16/33 MP: 2/2
  1388 | D:2      | Reached XP level 4. HP: 41/41 MP: 3/3
  1630 | D:2      | Noticed Robin
  1635 | D:2      | Reached ** piety under Trog
  1916 | D:2      | Found a faded altar of an unknown god.
  2301 | D:2      | Killed Robin
  2554 | D:3      | Reached XP level 5. HP: 47/47 MP: 4/4
  2729 | D:3      | Found a bloodstained altar of Trog.
  2875 | D:3      | Found a glowing golden altar of the Shining One.
  2945 | D:3      | Found a blossoming altar of Fedhas.
  2953 | D:3      | Noticed a necrophage
  2964 | D:3      | Killed a necrophage
  2965 | D:3      | Reached skill level 5 in Fighting
  2965 | D:3      | Reached skill level 5 in Axes
  3244 | D:3      | Found an opulent altar of Gozag.
  3247 | D:3      | Found a shimmering altar of Xom.
  3249 | D:3      | Found a sparkling altar of Nemelex Xobeh.
  3361 | D:4      | Reached XP level 6. HP: 56/56 MP: 5/5
  3369 | D:4      | Reached *** piety under Trog
  3429 | D:4      | Found Onoevoa's Magic Scroll Emporium.
  3437 | D:4      | Bought a scroll of teleportation for 36 gold pieces
  3437 | D:4      | Bought a scroll of teleportation for 36 gold pieces
  3437 | D:4      | Bought a scroll of enchant armour for 90 gold pieces
  3499 | D:4      | Reached skill level 5 in Armour
  3501 | D:4      | Reached XP level 7. HP: 62/62 MP: 6/6
  3661 | D:4      | Noticed Menkaure
  3709 | D:4      | Killed Menkaure
  3710 | D:4      | Reached skill level 5 in Dodging
  4023 | D:5      | Entered Level 5 of the Dungeon
  4023 | D:5      | Found Weum's Assorted Antiques.
  4072 | D:5      | Reached XP level 8. HP: 70/71 MP: 7/7
  4407 | D:5      | Reached **** piety under Trog
  4768 | D:5      | Found a runed translucent door.
  5009 | D:5      | Found a runed translucent door.
  5015 | D:5      | Noticed Amplified's ghost (weakling DrDe)
  5167 | D:5      | Killed Amplified's ghost
  5659 | D:6      | Found a white marble altar of Elyvilon.
  5752 | D:6      | Identified the +0 pair of gloves "Hooz" {rF+}
  5755 | D:6      | Noticed a white ugly thing
  5769 | D:6      | Killed a white ugly thing
  5770 | D:6      | Reached XP level 9. HP: 81/82 MP: 8/8
  6116 | D:6      | Found a runed translucent gate.
  6116 | D:6      | Found a runed translucent gate.
  6117 | D:6      | Found a runed translucent gate.
  6119 | D:6      | Noticed Linguinho's ghost (novice GrFi)
  6119 | D:6      | Noticed Kangaroobicon's ghost (novice TrMo)
  6119 | D:6      | Noticed nemesis's ghost (novice DsCj)
  6119 | D:6      | Noticed tailblues's ghost (novice GnWn)
  6139 | D:6      | Killed Kangaroobicon's ghost
  6145 | D:6      | Killed tailblues's ghost
  6250 | D:6      | Killed Linguinho's ghost
  6251 | D:6      | Reached skill level 10 in Fighting
  6251 | D:6      | Reached skill level 10 in Axes
  6318 | D:6      | Killed nemesis's ghost
  6319 | D:6      | Reached XP level 10. HP: 93/93 MP: 9/9
  6499 | D:7      | Noticed a boulder beetle
  6520 | D:7      | Reached skill level 10 in Armour
  6549 | D:7      | HP: 4/93 [boulder beetle (54)]
  6549 | D:7      | Slain by a boulder beetle

Illustrated notes

Levels and vault maps discovered:
D:1:      roderic_octagonal_star, layout_loops_cross, serial_shops, shop_coins
D:2:      layout_basic, ebering_ecumenical_altar_rust, uniq_robin
D:3:      layout_loops_ring, tso_metal_star, fedhas_altar_2,
          nicolae_overflow_hidden_temple
D:4:      layout_cave_pools, serial_shops, kennysheep_mini_moat,
          lexackson_kobold_supper, uniq_menkaure
D:5:      layout_loops_corners, ebering_ghost_sewer_f, serial_shops,
          nicolae_stop_n_shop_1
D:6:      layout_loops_ring, lemuel_tele_altar, gammafunk_ghost_cemetery,
          kennysheep_generic_room_11
D:7:      layout_gridville, minmay_temple_entry_trees, uniq_maggie

Skill      XL: |  1  2  3  4  5  6  7  8  9 10 |
---------------+-------------------------------+-----
Fighting       | 4 5 6 8 10 | 10.2
Axes           | 4 5 6 8 10 | 10.3
Armour         | 3 4 5 6 8 9 10 | 10.0
Dodging        | 3 4 5 |  5.2

Action                   |  1- 3 |  4- 6 |  7- 9 | 10-12 || total
-------------------------+-------+-------+-------+-------++-------
Melee: Hand axe          |    42 |   135 |   209 |    34 ||   420
       Headbutt          |     7 |    27 |    58 |    13 ||   105
Throw: Throwing net      |       |       |     1 |       ||     1
Invok: Berserk           |     2 |     3 |     7 |     1 ||    13
  Use: Scroll            |       |     4 |     4 |       ||     8
       Potion            |       |       |     3 |       ||     3
 Stab: Sleeping          |       |     1 |       |       ||     1
Armor: Animal skin       |    14 |    13 |       |       ||    27
       Chain mail        |       |    51 |   103 |    12 ||   166
Dodge: Dodged            |    33 |    76 |    88 |    14 ||   211
